 Dungeon Crawl Stone Soup version 0.30.1-11-g7821555f0a (webtiles) character file.

Game seed: 8102630551241497775

132 andrewp the Chopper (level 4, 0/38 (41) HPs)
             Began as a Minotaur Berserker on Nov 24, 2023.
             Was a Believer of Trog.
             Succumbed to an orc wizard's poison
             ... on level 3 of the Dungeon.
             The game lasted 00:04:01 (1787 turns).

andrewp the Chopper (Minotaur Berserker)            Turns: 1787, Time: 00:04:02

HP:   0/38 (41)     AC: 11    Str: 22    XL:     4   Next: 92%
MP:   3/3           EV:  9    Int:  3    God:    Trog [**....]
Gold: 149           SH:  0    Dex: 14    Spells: 3/3 levels left

rFire   . . .        a - +0 hand axe
rCold   + . .        (no shield)
rNeg    . . .        r - +0 chain mail
rPois   .            (helmet restricted)
rElec   .            k - scarf {+Inv}
rCorr   .            (no gloves)
SInv    .            (no boots)
Will    .....        (no amulet) Stlth
                     (no ring)
HPRegen 0.26/turn    (no ring)
MPRegen 0.08/turn

%: no passive effects
@: lethally poisoned (0 -> -25), very slightly contaminated, drained
A: horns 2, retaliatory headbutt, iridescent scales 1, agile 1, cold resistance
1
a: Renounce Religion, Evoke Invisibility, Berserk, Trog's Hand


You were on level 3 of the Dungeon.
You worshipped Trog.
Trog was pleased with you.
You visited 1 branch of the dungeon, and saw 3 of its levels.

You collected 149 gold pieces.

Inventory:

Hand Weapons
 a - a +0 hand axe (weapon)
Armour
 b - a +0 animal skin
 i - a +0 ring mail
 k - a scarf of invisibility (worn)
 r - a +0 chain mail (worn)
Jewellery
 f - a +6 ring of intelligence
 o - an amulet of the acrobat
Wands
 p - a wand of flame (12)
 q - a wand of quicksilver (9)
Scrolls
 c - a scroll of blinking {unknown}
 d - a scroll of enchant weapon {unknown}
 e - a scroll of butterflies {unknown}
 j - a scroll of noise {unknown}
 n - a scroll of identify {unknown}
Potions
 g - a potion of haste {unknown}
 h - a potion of degeneration {unknown}
 l - a potion of mutation


   Skills:
 + Level 4.5 Fighting
 + Level 5.3 Axes
 + Level 3.3 Armour
 + Level 3.0 Dodging
 + Level 0.1 Stealth


You had 3 spell levels left.
You didn't know any spells.
Your spell library was empty.

Dungeon Overview and Level Annotations

Branches:
Dungeon (3/15)

Altars:

Shops:
D:3 (


Innate Abilities, Weirdness & Mutations

You have a pair of horns on your head.
You reflexively headbutt those who attack you in melee.
You are partially covered in iridescent scales. (AC +2)
You are agile. (Dex +4, Str/Int -1)
Your flesh is cold resistant. (rC+)


Message History

You feel sick.
You see here a +0 robe.
You feel sick.
You feel the effects of Trog's Hand fading.
You feel sick.
You feel sick.
You feel sick.
You see here 23 gold pieces.
You feel sick.
You are no longer poisoned.
You closely miss something. Your headbutt misses something. Something hits you.
You are poisoned.
You miss something. You headbutt something.
You feel very sick. Something hits you but does no damage.
You are more poisoned.
You hit something. Your headbutt misses something.
Your skin stops crawling.
You feel less strong-willed.
You feel very sick. Something hits you.
You are lethally poisoned!
You barely miss something.
You feel very sick. Something hits you but does no damage.
You slash something! Your headbutt misses something.
* * * LOW HITPOINT WARNING * * *
You feel very sick.
An orc wizard appears from thin air!
Reactivating autopickup.
The orc wizard hits you but does no damage.
You are more poisoned.
You closely miss the orc wizard.
The orc wizard is almost dead.
* * * LOW HITPOINT WARNING * * *
You feel very sick.
The orc wizard hits you but does no damage.
You are more poisoned.
You miss the orc wizard.
The orc wizard is almost dead.
You die...

.(##...# ##### ..##.#.#
##...###### ..##.#.#
#.........# ..##.#.#
#.........# ##
..##.#.####.........+ .# ###
....>.........†..[.)##'#.....
....##.###.#...#.##)<).)..#
....##.# #.....#o##.......#
....##.# ###...#@##.......#
≈...+..# #...#$##.......#
.≈..#### #.......#####......
≈...# #......... .......
....# #........## #######
..#.# #......#... ....#
############ #####


You could see an orc wizard.

Vanquished Creatures
  Ijyb (D:3)
  Natasha (twice) (D:2)
  3 orcs (D:3)
  4 bats
  5 endoplasms
  A giant cockroach (D:2)
  3 goblins
  7 hobgoblins
  4 jackals (D:1)
  8 kobolds
  3 quokkas
  2 ball pythons
  A frilled lizard (D:1)
  4 rats
48 creatures vanquished.

Notes
Turn   | Place    | Note
-------+----------+-------------------------------------------
     0 | D:1      | andrewp the Minotaur Berserker began the quest for the Orb.
     0 | D:1      | Reached XP level 1. HP: 19/19 MP: 0/0
   127 | D:1      | Reached skill level 4 in Axes
   130 | D:1      | Reached XP level 2. HP: 27/27 MP: 1/1
   217 | D:1      | Found a faded altar of an unknown god.
   604 | D:1      | Reached ** piety under Trog
   785 | D:2      | Reached XP level 3. HP: 33/33 MP: 2/2
  1482 | D:2      | Noticed Natasha
  1487 | D:2      | Killed Natasha
  1516 | D:2      | Noticed Natasha
  1520 | D:2      | Killed Natasha
  1521 | D:2      | Reached XP level 4. HP: 27/41 MP: 3/3
  1653 | D:3      | Noticed Ijyb
  1660 | D:3      | Reached skill level 5 in Axes
  1665 | D:3      | Killed Ijyb
  1695 | D:3      | Found Epetaimp's Antique Weapon Boutique.
  1773 | D:3      | Gained mutation: Your flesh is cold resistant. (rC+)
                  | [potion of mutation]
  1773 | D:3      | Gained mutation: You are partially covered in iridescent
                  | scales. (AC +2) [potion of mutation]
  1773 | D:3      | Gained mutation: You are agile. (Dex +4, Str/Int -1)
                  | [potion of mutation]
  1787 | D:3      | Succumbed to an orc wizard's poison

Illustrated notes

Levels and vault maps discovered:
D:1:      giann_wishing_wells, layout_loops_cross,
          hellmonk_ecumenical_altar_inner_sanctum
D:2:      layout_loops_corners, chequers_serial_rivers_micro_e, uniq_natasha
D:3:      layout_basic, serial_shops, nicolae_diamond_shop, uniq_ijyb

Skill      XL: |  1  2  3  4 |
---------------+-------------+-----
Axes           | 4 5 |  5.3
Fighting       | 4 |  4.5
Armour         | 3 |  3.3
Dodging        | 3 |  3.0
Stealth        | |  0.1

Action                     |  1- 3 |  4- 6 || total
---------------------------+-------+-------++-------
  Melee: Hand axe          |    81 |    33 ||   114
         Headbutt          |     9 |    10 ||    19
         Punch             |     1 |       ||     1
 Invoke: Trog's Hand       |       |     2 ||     2
Ability: Evoke Invisibilit |       |     1 ||     1
    Use: Potion            |       |     2 ||     2
 Armour: Animal skin       |    11 |       ||    11
         Ring mail         |     9 |     8 ||    17
         Chain mail        |       |     9 ||     9
  Dodge: Dodged            |    41 |    12 ||    53
